 Dungeon Crawl Stone Soup version 0.31-a0-210-gccc998df9b (webtiles) character file.

Game seed: 12937868980951268375

95 qw the Chopper (level 4, -2/28 HPs)
             Began as a Gargoyle Fighter on June 30, 2023.
             Splashed by a jelly's acid (10 damage)
             ... on level 3 of the Dungeon.
             The game lasted 00:01:20 (2186 turns).

qw the Chopper (Gargoyle Fighter)                   Turns: 2186, Time: 00:01:20

Health: -2/28      AC:  3    Str: 22    XL:     4   Next: 65%
Magic:  4/4        EV:  9    Int:  8    God:
Gold:   93         SH:  4    Dex:  9    Spells: 3/3 levels left

rFire   . . .        Y - +1 war axe
rCold   . . .        c - +0 buckler
rNeg    + . .        b - +0 scale mail
rPois   inf          (no helmet)
rElec   +            e - +0 cloak
rCorr   .            (no gloves)
SInv    .            (no boots)
Will    .....        (no amulet) Stlth
                     (no ring)
HPRegen 0.24/turn    (no ring)
MPRegen 0.09/turn

%: no passive effects
@: corroded
A: sickness immunity, AC +3, negative energy resistance 1, electricity
resistance, torment resistance 1, petrification resistance
a: no special abilities


You were on level 3 of the Dungeon.
You visited 1 branch of the dungeon, and saw 4 of its levels.

You collected 122 gold pieces.
You spent 29 gold pieces at shops.


Innate Abilities, Weirdness & Mutations

You are immune to sickness and miasma.
Your stone body is resilient. (AC +3)
You are immune to poison.
You resist negative energy. (rN+)
You are resistant to electric shocks. (rElec)
You are resistant to unholy torment.
You are immune to petrification.


   Skills:
 - Level 3.2 Fighting
 + Level 4.3 Axes
 - Level 3.2 Armour
 - Level 3.2 Shields


You had 3 spell levels left.
You didn't know any spells.
Your spell library was empty.

Inventory:

Hand Weapons
 h - a +2 whip of freezing
 Y - a +1 war axe (weapon)
Armour
 b - a +0 scale mail (worn)
 c - a +0 buckler (worn)
 e - a +0 cloak (worn)
Scrolls
 a - a scroll of identify
Potions
 d - a potion of might
 f - 2 potions of brilliance {unknown}
 g - a potion of lignification {unknown}
 i - a potion of ambrosia {unknown}
 j - a potion of heal wounds

Dungeon Overview and Level Annotations

Branches:
Dungeon (4/15)
 Temple: D:4-7

Altars:
Cheibriados

Shops:
D:4 *


Message History

Enter note:
Enter note:
2175 ||| Stepping ~*~*~tactically~*~*~ (stealth).
The frilled lizard hisses angrily.
There is an open door here.
You barely miss the hobgoblin. The hobgoblin barely misses you.
You barely miss the hobgoblin.
The hobgoblin hits you but does no damage.
You hit the hobgoblin.
The hobgoblin is severely wounded.
The hobgoblin hits you but does no damage.
The hobgoblin closely misses you.
You hit the hobgoblin.
You kill the hobgoblin!
You hit the jelly.
Your hands burn!
The jelly hits you but does no damage.
You slash the jelly!
Your hands burn!
The jelly is heavily wounded.
You closely miss the frilled lizard. You block the jelly's attack.
The frilled lizard barely misses you.
You hit the jelly. The acid corrodes you!
Your hands burn!
The jelly is heavily wounded.
You miss the frilled lizard. The jelly barely misses you.
The frilled lizard barely misses you. The jelly hits you but does no damage.
The frilled lizard bites you but does no damage.
You slash the jelly!
Your hands burn!
The jelly is almost dead.
You hit the frilled lizard.
You kill the frilled lizard!
The jelly jiggles.
The jelly closely misses you.
You hit the jelly but do no damage. The acid corrodes you!
Your hands burn!
The jelly is almost dead.
The jelly hits you but does no damage.
You hit the jelly but do no damage.
Your hands burn!
The jelly is almost dead.
The jelly hits you.
You are splashed with acid!
You die...

#.... .... #.... . ....
#.... .. ... #.... .##..
.......#.... >...
.......#.... #####..
.......#.... ......%###
#..[...#.... ......J@.##
#......####' ....$..#..#
#......# #'
.......##.###......#####
....... #...'..........'
....... #####.......####
....... #.........##
####### #......##..#
#......###..
#####..)...####.


You could see a jelly.

Vanquished Creatures
  A gnoll (D:1)
  2 adders (D:2)
  A worm (D:3)
  2 dart slugs (D:1)
  An orc (D:3)
  7 endoplasms
  A giant cockroach (D:3)
  5 goblins
  8 hobgoblins
  5 kobolds
  2 quokkas (D:2)
  4 ball pythons
  8 bats
  6 frilled lizards
  4 rats
57 creatures vanquished.

Notes
Turn   | Place    | Note
-------+----------+-------------------------------------------
     0 | D:1      | qw the Gargoyle Fighter began the quest for the Orb.
     0 | D:1      | Reached XP level 1. HP: 14/14 MP: 1/1
     0 | D:1      | 0 ||| qw: Version: 0.3-a-26-gee661ec
     0 | D:1      | 0 ||| qw: Game counter: 7270
     0 | D:1      | 0 ||| qw: Melee chars always use a shield: true
     0 | D:1      | 0 ||| qw: God list: Okawaru
     0 | D:1      | 0 ||| qw: Allow faded altars: false
     0 | D:1      | 0 ||| qw: Do Orc after clearing Dungeon:15 true
     0 | D:1      | 0 ||| qw: Do second Lair branch before Depths: true
     0 | D:1      | 0 ||| qw: Lair rune preference: random
     0 | D:1      | 0 ||| qw: Goals: Normal, Zot:1-4, Slime:5, God:TSO, Crypt,
                  | Tomb, Abyss, Pan, Hells, Win
     0 | D:1      | 0 ||| PLANNING D:1-11
   120 | D:1      | 120 ||| FLEEEEING.
   133 | D:1      | Reached skill level 2 in Axes
   248 | D:1      | Reached XP level 2. HP: 19/19 MP: 2/2
   315 | D:1      | 315 ||| Stepping ~*~*~tactically~*~*~ (hiding).
   657 | D:1      | 657 ||| Stepping ~*~*~tactically~*~*~ (stealth).
   658 | D:1      | 658 ||| Stepping ~*~*~tactically~*~*~ (stealth).
   793 | D:1      | Reached skill level 3 in Axes
   793 | D:1      | Reached XP level 3. HP: 22/23 MP: 3/3
   897 | D:1      | 897 ||| READING 2 scrolls labelled MISMAO WOTWIUM.
   898 | D:1      | 898 ||| READING scroll labelled NUIZONL PANI.
   899 | D:1      | 899 ||| READING scroll labelled TYLLOW QUSE.
   954 | D:2      | You fall into a shaft and drop 2 floors!
   960 | D:4      | Found Zent's Assorted Antiques.
   966 | D:4      | 966 ||| SHOPLISTING 2 ruby potions (59 gold, have 54).
   966 | D:4      | 966 ||| BUYING ruby potion (29 gold).
   966 | D:4      | Bought a ruby potion for 29 gold pieces
   966 | D:4      | 966 ||| SHOPLISTING scroll labelled BELITS ZOUMMIW (33
                  | gold, have 25).
   966 | D:4      | 966 ||| SHOPLISTING scroll labelled FISON SEOX (33 gold,
                  | have 25).
   966 | D:4      | 966 ||| SHOPLISTING scroll labelled GOSCHA REME (33 gold,
                  | have 25).
   966 | D:4      | 966 ||| SHOPLISTING scroll of identify (66 gold, have 25).
   966 | D:4      | 966 ||| SHOPLISTING steel ring (165 gold, have 25).
   993 | D:4      | 993 ||| READING scroll labelled FUKKOU JUFEN.
   998 | D:4      | 998 ||| DRINKING 2 ruby potions.
   999 | D:4      | 999 ||| READING 2 scrolls of identify.
   999 | D:4      | 999 ||| IDENTIFYING fizzy ruby potion
  1000 | D:4      | 1000 ||| DROPPING potion of degeneration.
  1001 | D:4      | 1001 ||| Stepping randomly (stuck).
  1002 | D:4      | 1002 ||| Stepping randomly (stuck).
  1003 | D:4      | 1003 ||| Stepping randomly (stuck).
  1004 | D:4      | 1004 ||| Stepping randomly (stuck).
  1005 | D:4      | 1005 ||| Stepping randomly (stuck).
  1006 | D:4      | 1006 ||| Stepping randomly (stuck).
  1007 | D:4      | 1007 ||| Stepping randomly (stuck).
  1008 | D:4      | 1008 ||| Stepping randomly (stuck).
  1009 | D:4      | 1009 ||| Stepping ~*~*~tactically~*~*~ (stealth).
  1010 | D:4      | 1010 ||| Stepping randomly (stuck).
  1011 | D:4      | 1011 ||| Stepping randomly (stuck).
  1012 | D:4      | 1012 ||| Stepping randomly (stuck).
  1013 | D:4      | 1013 ||| Stepping randomly (stuck).
  1014 | D:4      | 1014 ||| Stepping randomly (stuck).
  1015 | D:4      | 1015 ||| Stepping randomly (stuck).
  1016 | D:4      | 1016 ||| Stepping randomly (stuck).
  1017 | D:4      | 1017 ||| Stepping ~*~*~tactically~*~*~ (stealth).
  1018 | D:4      | 1018 ||| Stepping ~*~*~tactically~*~*~ (stealth).
  1019 | D:4      | 1019 ||| Stepping randomly (stuck).
  1020 | D:4      | 1020 ||| Stepping randomly (stuck).
  1021 | D:4      | 1021 ||| Stepping randomly (stuck).
  1022 | D:4      | 1022 ||| Stepping randomly (stuck).
  1023 | D:4      | 1023 ||| Stepping randomly (stuck).
  1024 | D:4      | 1024 ||| Stepping randomly (stuck).
  1025 | D:4      | 1025 ||| Stepping randomly (stuck).
  1026 | D:4      | 1026 ||| Stepping randomly (stuck).
  1027 | D:4      | 1027 ||| Stepping randomly (stuck).
  1028 | D:4      | 1028 ||| Stepping randomly (stuck).
  1029 | D:4      | 1029 ||| Stepping randomly (stuck).
  1030 | D:4      | 1030 ||| Stepping randomly (stuck).
  1031 | D:4      | 1031 ||| Stepping randomly (stuck).
  1032 | D:4      | 1032 ||| Stepping randomly (stuck).
  1033 | D:4      | 1033 ||| Stepping randomly (stuck).
  1157 | D:4      | 1157 ||| FLEEEEING.
  1158 | D:4      | 1158 ||| FLEEEEING.
  1162 | D:4      | 1162 ||| FLEEEEING.
  1163 | D:4      | 1163 ||| FLEEEEING.
  1164 | D:4      | 1164 ||| FLEEEEING.
  1165 | D:4      | 1165 ||| FLEEEEING.
  1167 | D:4      | 1167 ||| FLEEEEING.
  1168 | D:4      | 1168 ||| FLEEEEING.
  1169 | D:4      | 1169 ||| FLEEEEING.
  1170 | D:4      | 1170 ||| FLEEEEING.
  1171 | D:4      | 1171 ||| FLEEEEING.
  1172 | D:4      | 1172 ||| FLEEEEING.
  1173 | D:4      | 1173 ||| FLEEEEING.
  1174 | D:4      | 1174 ||| FLEEEEING.
  1175 | D:4      | 1175 ||| FLEEEEING.
  1176 | D:4      | 1176 ||| FLEEEEING.
  1177 | D:4      | 1177 ||| FLEEEEING.
  1187 | D:4      | 1187 ||| READING scroll labelled FUMAIR GIOTH.
  1190 | D:4      | 1190 ||| FLEEEEING.
  1191 | D:4      | 1191 ||| FLEEEEING.
  1192 | D:4      | 1192 ||| FLEEEEING.
  1195 | D:4      | 1195 ||| FLEEEEING.
  1196 | D:4      | 1196 ||| FLEEEEING.
  1197 | D:4      | 1197 ||| STAIRDANCE
  1311 | D:3      | 1311 ||| FLEEEEING.
  1312 | D:3      | 1312 ||| FLEEEEING.
  1313 | D:3      | 1313 ||| FLEEEEING.
  1316 | D:3      | 1316 ||| FLEEEEING.
  1317 | D:3      | 1317 ||| FLEEEEING.
  1318 | D:3      | 1318 ||| STAIRDANCE
  1445 | D:2      | Reached XP level 4. HP: 26/28 MP: 4/4
  1463 | D:2      | Reached skill level 4 in Axes
  1523 | D:2      | Found a snail-covered altar of Cheibriados.
  1669 | D:2      | 1669 ||| Stepping ~*~*~tactically~*~*~ (stealth).
  1684 | D:2      | 1684 ||| Stepping ~*~*~tactically~*~*~ (stealth).
  1801 | D:2      | 1801 ||| UPGRADING to +0 cloak.
  1806 | D:2      | 1806 ||| READING scroll labelled WAYKHL UQ ZIQE.
  1956 | D:3      | 1956 ||| Stepping ~*~*~tactically~*~*~ (stealth).
  2175 | D:3      | 2175 ||| Stepping ~*~*~tactically~*~*~ (stealth).
  2186 | D:3      | Splashed by a jelly's acid

Levels and vault maps discovered:
D:1:      dpeg_arrival_prison, layout_loops_ring
D:2:      layout_rooms, basic_altar
D:3:      layout_basic
D:4:      layout_loops_cross, serial_shops, nicolae_shop_stone,
          minmay_mini_ossuary

Skill      XL: |  1  2  3  4 |
---------------+-------------+-----
Axes           | 2 3 4 |  4.3
Fighting       | |  3.2
Armour         | |  3.2
Shields        | |  3.2

Action                     |  1- 3 |  4- 6 || total
---------------------------+-------+-------++-------
  Melee: War axe           |    92 |    65 ||   157
    Use: Scroll            |     6 |     1 ||     7
         Potion            |     1 |       ||     1
 Armour: Scale mail        |    43 |    35 ||    78
  Dodge: Dodged            |    42 |    26 ||    68
  Block: Buckler           |    19 |    11 ||    30

Table legend:
 A = Non-vault XP
 B = Vault XP
 C = Vault XP percentage of total XP
 D = Non-vault monster count
 E = Vault monster count
 F = Vault count percentage of total count
                 A         B        C        D         E       F
            +---------+---------+-------+---------+---------+-------
      Total |     134 |       2 |   1.5 |      55 |       2 |   3.5
            +---------+---------+-------+---------+---------+-------
        D:1 |      50 |       2 |   3.8 |      22 |       2 |   8.3
        D:2 |      56 |       0 |   0.0 |      19 |       0 |   0.0
        D:3 |      26 |       0 |   0.0 |      12 |       0 |   0.0
        D:4 |       2 |       0 |   0.0 |       2 |       0 |   0.0
            +---------+---------+-------+---------+---------+-------
